 Dungeon Crawl Stone Soup version 0.31-a0-662-g684573625c (webtiles) character file.

Game seed: 4017115880633717628

2355 Revguard the Ducker (level 9, -1/40 HPs)
             Began as a Felid Shapeshifter on Sept 1, 2023.
             Was a Follower of Wu Jian.
             Killed from afar by a white imp (4 damage)
             ... with a puff of frost
             ... on level 8 of the Dungeon.
             The game lasted 00:18:28 (5560 turns).

Revguard the Ducker (Felid Shapeshifter)            Turns: 5560, Time: 00:18:29

Health: -1/40      AC:  2    Str: 10    XL:     9   Next: 20%
Magic:  0/16       EV: 22    Int: 12    God:    Wu Jian [*.....]
Gold:   383        SH:  0    Dex: 19    Spells: 14/17 levels left
                                        Lives:  0   Deaths: 3

rFire   + .          .
                       - Unarmed
rCold   . . .        (shield unavailable)
rNeg    . . .        (body armour unavailable)
rPois   .            (helmet unavailable)
rElec   .            (cloak unavailable)
rCorr   .            (gloves unavailable)
SInv    +            (boots unavailable)
Will    +....        l - amulet of guardian spirit
Stlth   ++++         f - ring of protection from fire
HPRegen 0.26/turn    (no ring)
MPRegen 0.15/turn

%: guardian spirit
@: beast-form, quick
A: beast (slay +3), very small, claws 1, fangs 3, see invisible, speed 1, shaggy
fur 2, stealthy paws, no weapons or thrown items, no armour, multi-lived
a: Begin Untransformation, Renounce Religion


You were on level 8 of the Dungeon.
You worshipped Wu Jian.
Wu Jian was aware of your devotion.
You were a hulking beast.
You visited 1 branch of the dungeon, and saw 8 of its levels.

You collected 383 gold pieces.

Inventory:

Jewellery
 e - a ring of flight
 f - a ring of protection from fire (left paw)
 l - an amulet of guardian spirit (around neck)
 p - an amulet of faith
Talismans
 b - a beast talisman (active)
 c - a flux talisman
Wands
 a - a wand of digging (4)
 n - a wand of polymorph (6)
Scrolls
 h - a scroll of vulnerability {unknown}
 j - a scroll of teleportation
 k - a scroll of revelation {unknown}
Potions
 d - a potion of attraction
 g - a potion of brilliance
 i - 4 potions of curing


   Skills:
 + Level 5.3 Fighting
 + Level 7.4 Dodging
 + Level 7.2 Stealth
 + Level 6.0 Unarmed Combat
 + Level 4.5 Spellcasting
 + Level 7.1 Hexes
 - Level 3.4 Invocations
 - Level 3.8 Evocations
 + Level 6.1 Shapeshifting


You had 14 spell levels left.
You knew the following spells:

 Your Spells              Type           Power      Damage    Failure   Level
a - Tukima's Dance        Hex            19%        N/A       3%          3

Your spell library contained the following spells:

 Spells                   Type           Power      Damage    Failure   Level
 Summon Guardian Golem    Hex/Summ       11%        N/A       14%         3
 Summon Small Mammal      Summ           8%         N/A       22%         1
 Blink                    Tloc           4%         N/A       32%         2
 Lesser Beckoning         Tloc           4%         N/A       32%         2
 Poisonous Vapours        Pois/Air       4%         N/A       32%         2
 Call Canine Familiar     Summ           2%         N/A       54%         3
 Gell's Gravitas          Tloc           2%         N/A       54%         3
 Teleport Other           Tloc           2%         N/A       54%         3
 Iskenderun's Mystic Bla  Conj/Tloc      2%         2d3       91%         4
 Manifold Assault         Tloc           2%         N/A       91%         4
 Olgreb's Toxic Radiance  Pois           2%         N/A       91%         4
 Dispersal                Tloc           1%         N/A       100%        6
 Monstrous Menagerie      Summ           1%         N/A       100%        7
 Portal Projectile        Hex/Tloc       Unusable   N/A       N/A         3

Dungeon Overview and Level Annotations

Branches:
Dungeon (8/15)             Temple (0/1) D:6
   Lair: D:8-11

Altars:
Kikubaaqudgha
Makhleb
Wu Jian
Zin
The Shining One

Shops:
D:1 [

Portals:
Bailey: D:7

Annotations:
D:7 Jeremiah


Innate Abilities, Weirdness & Mutations

You are a hulking beast.
Your limbs bulge with bestial killing power. (Slay +3)
You have sharp claws.
You have razor-sharp teeth.
You have supernaturally acute eyesight. (SInv)
You cover ground quickly. (Speed+)
You are covered in thick fur. (AC +2)
Your paws help you pounce on unaware monsters.
You are incapable of wielding weapons or throwing items.
You cannot wear armour.
You gain extra lives every three experience levels.


Message History

The yak gores you but does no damage.
You scratch the yak but do no damage.
The yak is lightly wounded.
The yak closely misses you.
You claw the yak!
The yak is heavily wounded.
The yak closely misses you.
You scratch the yak.
The yak is heavily wounded.
The yak gores you!
* * * LOW HITPOINT WARNING * * *
You scratch the yak. You claw the yak! You bite the yak.
The yak is almost dead.
The yak misses you.
A white imp comes into view.
You scratch the yak but do no damage. Your claw misses the yak.
The yak is almost dead.
The yak misses you.
You scratch the yak.
The yak is almost dead.
The yak completely misses you.
You scratch the yak.
You kill the yak!
The Council accepts your kill.
Your Unarmed Combat skill increases to level 6!
You claw the yak! You bite the yak, but do no damage.
The yak is moderately wounded.
The yak gores you!
* * * LOW HITPOINT WARNING * * *
The yak attacks as it pursues you! The yak misses you.
The yak gores the bush but does no damage.
The white imp shouts, "Crawl home, thou venomed folly-fallen pot-faker!"
The yak gores something but does no damage.
Something gores the bush.
The white imp gestures at you. The puff of frost hits you!
* * * LOW HITPOINT WARNING * * *
The white imp gestures at you. The puff of frost hits you.
You die...

# #...#......# #
#####..###.# ###
#....#.# ..# #....#.#
#.#######.....##
#....##........#
####.##........#
####.##........#####
......+.†....>..h..#####
.###.##........###.....#
.............# ##.##5###
.........#######
#P.P#...## .......###
..# ##≈.≈###5.# .......#
.♣.##≈≈.≈≈###.# .......#
...P≈≈≈.≈≈≈P#Y# .......#
8.............#
...P≈≈≈.≈≈≈P###


You could see a white imp.

Vanquished Creatures
  A wyvern (D:8)
  Eustachio (D:6)
  2 yaks (D:8)
  A steam dragon (D:6)
  Edmund (D:4)
  Menkaure (D:4)
  A black bear (D:5)
  An orc warrior (D:6)
  2 phantoms
  A bullfrog (D:8)
  4 scorpions
  A killer bee (D:7)
  4 hounds
  2 jellies
  An orc priest (D:6)
  Crazy Yiuf (D:6)
  4 iguanas
  3 orc wizards
  6 adders
  4 gnolls (D:5)
  2 white imps
  5 worms
  2 dart slugs
  13 orcs
  9 endoplasms
  3 giant cockroaches
  2 goblins
  7 hobgoblins
  2 jackals (D:4)
  6 kobolds
  8 quokkas
  14 ball pythons
  3 bats
  5 frilled lizards
  4 rats
127 creatures vanquished.

Vanquished Creatures (others)
  3 dancing weapons
3 creatures vanquished.

Grand Total: 130 creatures vanquished

Notes
Turn   | Place    | Note
-------+----------+-------------------------------------------
     0 | D:1      | Revguard the Felid Shapeshifter began the quest for the
                  | Orb.
     0 | D:1      | Reached XP level 1. HP: 9/9 MP: 2/2
   113 | D:1      | Found Migyqer's Armour Emporium.
   154 | D:1      | Reached XP level 2. HP: 12/12 MP: 3/3
   450 | D:1      | Reached skill level 1 in Stealth
   726 | D:2      | Reached skill level 1 in Hexes
   767 | D:2      | Reached XP level 3. HP: 10/15 MP: 4/4
   897 | D:2      | Succumbed to an adder's poison
  1182 | D:3      | Found a glowing silver altar of Zin.
  1282 | D:3      | Reached XP level 4. HP: 15/19 MP: 6/6
  1381 | D:3      | Reached skill level 1 in Spellcasting
  1582 | D:3      | Reached skill level 5 in Stealth
  1582 | D:3      | Reached skill level 5 in Unarmed Combat
  1582 | D:3      | Reached skill level 5 in Hexes
  1582 | D:3      | Reached skill level 5 in Shapeshifting
  1582 | D:3      | Reached XP level 5. HP: 25/25 MP: 6/11
  1804 | D:4      | Gained mutation: You are covered in thick fur. (AC +2)
                  | [Felid growth]
  1804 | D:4      | Reached XP level 6. HP: 22/28 MP: 12/12
  1808 | D:4      | Got the Omnibus of Toxic Companions
  1818 | D:4      | Learned a level 3 spell: Tukima's Dance
  1900 | D:4      | Noticed Menkaure
  1906 | D:4      | Mangled by Menkaure
  1966 | D:4      | Killed Menkaure
  2176 | D:4      | Reached XP level 7. HP: 33/33 MP: 13/13
  2438 | D:4      | Noticed Edmund
  2447 | D:4      | Killed Edmund
  3076 | D:5      | Entered Level 5 of the Dungeon
  3268 | D:5      | Found a burning altar of Makhleb.
  3274 | D:5      | Found a glowing golden altar of the Shining One.
  3277 | D:5      | Found an ornate altar of the Wu Jian Council.
  3281 | D:5      | Became a worshipper of the Wu Jian Council
  3603 | D:5      | Reached XP level 8. HP: 36/36 MP: 14/14
  3638 | D:5      | Identified the +1 leather armour of Happiness {Int+2}
  3942 | D:6      | Noticed Eustachio
  3957 | D:6      | Killed Eustachio
  4001 | D:6      | Reached * piety under Wu Jian
  4199 | D:6      | Identified the +8 hammer "Lolinen" {venom, rElec rF+ MP-9
                  | Dex+5}
  4205 | D:6      | Found a runed translucent door.
  4206 | D:6      | Noticed Crazy Yiuf
  4214 | D:6      | Killed Crazy Yiuf
  4232 | D:6      | Found an ancient bone altar of Kikubaaqudgha.
  4255 | D:6      | Reached skill level 5 in Fighting
  4762 | D:6      | Found a staircase to the Ecumenical Temple.
  4984 | D:7      | Noticed Jeremiah
  5170 | D:7      | Found a flagged portal.
  5179 | D:7      | Succumbed to a killer bee's poison
  5304 | D:8      | HP: 1/37 [wyvern (13)]
  5306 | D:8      | Reached XP level 9. HP: 1/40 MP: 0/16
  5555 | D:8      | HP: 2/40 [white imp/puff of frost (6)]
  5560 | D:8      | Killed from afar by a white imp

Illustrated notes

Levels and vault maps discovered:
D:1:      onia_arrival_pyramid, layout_basic, serial_shops,
          nicolae_shop_real_fake_doors
D:2:      layout_rooms
D:3:      layout_rooms, lemuel_tele_altar
D:4:      layout_basic, ebering_dispersal_statue_hall, corner_web_ring,
          grunt_decor_cap, serial_bayou_pond_d,
          minmay_a_box_with_orc_wizards_in_it, uniq_edmund, uniq_menkaure
D:5:      layout_loops_cross, grunt_temple_overflow_diamond
D:6:      layout_basic, kiku_gazebo_garden_becter,
          minmay_temple_entry_antechambers, uniq_eustachio,
          uniq_crazy_yiuf_cottage
D:7:      layout_gridville, enter_bailey_5, uniq_jeremiah
D:8:      layout_basic, eino_tiny_chamber, dreamdust_princess_bridge

Skill      XL: |  1  2  3  4  5  6  7  8  9 |
---------------+----------------------------+-----
Dodging        | 3 6 7 |  7.4
Stealth        | 1 5 6 7 |  7.2
Hexes          | 1 5 6 7 |  7.1
Spellcasting   | 3 4 |  4.5
Fighting       | 4 5 |  5.3
Unarmed Combat | 5 6 |  6.0
Invocations    | 3 |  3.4
Evocations     | 3 |  3.8
Shapeshifting  | 5 6 |  6.1

Action                     |  1- 3 |  4- 6 |  7- 9 || total
---------------------------+-------+-------+-------++-------
  Melee: Unarmed           |    88 |    72 |   217 ||   377
         Bite              |     8 |     8 |    16 ||    32
         Punch             |     3 |     1 |     8 ||    12
   Cast: Tukima's Dance    |       |       |     7 ||     7
Ability: Lunge             |       |       |    14 ||    14
         Whirlwind         |       |       |    20 ||    20
  Evoke: Wand              |       |       |     1 ||     1
    Use: Potion            |       |     3 |     7 ||    10
         Scroll            |       |     3 |     2 ||     5
   Stab: Sleeping          |     4 |     5 |    15 ||    24
 Armour: Skin              |    21 |    16 |    61 ||    98
  Dodge: Dodged            |    58 |    57 |   191 ||   306
         Form:             |       |       |     1 ||     1
         Beast             |       |       |     1 ||     1

Table legend: (Time is in decaauts)
 A = Elapsed time spent in this place.
 B = Non-inter-level travel time spent in this place.
 C = Inter-level travel time spent in this place.
 D = Time resting spent in this place.
 E = Time spent auto-exploring this place.
 F = Levels seen in this place.
 G = Mean time per level.
                   A        B        C        D        E       F      G
               +--------+--------+--------+--------+--------+-----+--------+
         Total |   4708 |   4566 |    142 |    460 |   2714 |   8 |  588.5 |
       Dungeon |   4708 |   4566 |    142 |    460 |   2714 |   8 |  588.5 |
               +--------+--------+--------+--------+--------+-----+--------+

Top non-repeatable levels by time:
     D:4: 1221 daAuts
     D:6: 1004 daAuts
     D:5: 700 daAuts
     D:1: 556 daAuts
     D:3: 470 daAuts
     D:2: 356 daAuts
     D:8: 301 daAuts
     D:7: 98 daAuts
